 Dungeon Crawl Stone Soup version 0.19-a0-742-g4563caa (webtiles) character file.

317 Liquid the Cudgeler (level 6, -2/38 HPs)
             Began as a Gargoyle Gladiator on June 23, 2016.
             Killed by divine providence
             ... invoked by an orc priest
              (9 damage)
             ... on level 4 of the Dungeon.
             The game lasted 00:06:25 (3102 turns).

Liquid the Cudgeler (Gargoyle Gladiator)            Turns: 3102, Time: 00:06:28

Health: -2/38      AC: 14    Str: 26    XL:     6   Next: 45%
Magic:  6/6        EV: 11    Int:  9    God:
Gold:   30         SH:  0    Dex: 10    Spells: 0 memorised, 5 levels left

rFire  . . .     SeeInvis .     a - +0 flail
rCold  . . .     Gourm    .     i - +0 scale mail
rNeg   + . .     Faith    .     (no shield)
rPois  ∞         Spirit   .     r - +0 helmet
rElec  +         Dismiss  .     g - +1 cloak {MR+}
rCorr  .         Reflect  .     (no gloves)
SustAt .         Harm     .     (no boots)
MR     +....                    (no amulet)
Stlth  +.........               y - ring of stealth
                                c - +6 ring of strength

@: somewhat resistant to hostile enchantments, very unstealthy
A: negative energy resistance 1, electricity resistance, unbreathing,
petrification resistance, rot immunity, AC +4
a: no special abilities


You were on level 4 of the Dungeon.
You were not hungry.

You visited 1 branch of the dungeon, and saw 4 of its levels.

You collected 169 gold pieces.
You spent 139 gold pieces at shops.

Inventory:

Hand Weapons
 a - a +0 flail (weapon)
Missiles
 d - 3 throwing nets (quivered)
Armour
 b - a +0 leather armour
 g - a +1 cloak of magic resistance (worn)
 i - a +0 scale mail (worn)
 r - a +0 helmet (worn)
Jewellery
 c - a +6 ring of strength (left hand)
 y - a ring of stealth (right hand)
Scrolls
 e - 2 scrolls of teleportation {unknown}
 h - a scroll of immolation {unknown}
 l - a scroll of enchant armour {unknown}
 n - 4 scrolls of identify {unknown}
 o - a scroll of noise {unknown}
 s - a scroll of magic mapping {unknown}
 w - 2 scrolls of enchant weapon {unknown}
 x - a scroll of recharging {unknown}
Potions
 j - 6 potions of curing {unknown}
 k - a potion of resistance {unknown}
 m - 2 potions of mutation {unknown}
 q - a potion of might {unknown}
 v - a potion of haste {unknown}
Comestibles
 f - 4 bread rations
 p - a meat ration
 t - a slice of pizza
 u - a beef jerky


   Skills:
 + Level 3.8 Fighting
 * Level 5.0 Maces & Flails
 - Level 1.7 Throwing
 + Level 2.9 Armour
 + Level 3.2 Dodging


You had 5 spell levels left.
You didn't know any spells.

Dungeon Overview and Level Annotations

Branches:
Dungeon (4/15)
 Temple: D:4-7

Altars:

Shops:
D:4 [


Innate Abilities, Weirdness & Mutations

You are resistant to torment.
Your stone body is resilient. (AC +4)
You are immune to poison.
You resist negative energy. (rN+)
You are resistant to electric shocks. (rElec)
You can survive without breathing.
You are immune to petrification.
You are immune to rotting.


Message History

The orc priest mumbles some strange prayers to Beogh against you.
Beogh smites you!
All of the chunks of flesh in your inventory have rotted away.
You closely miss the ogre. The ogre hits you but does no damage.
You hit the ogre.
The ogre is lightly wounded.
The ogre hits you but does no damage.
You hit the ogre.
The ogre is moderately wounded.
The ogre hits you with a giant spiked club.
You thump the ogre!
The ogre is severely wounded.
The orc priest closely misses you.
You hit the ogre but do no damage.
The ogre is severely wounded.
The ogre hits you with a giant spiked club!!
* * * LOW HITPOINT WARNING * * *
The orc priest calls down the wrath of Beogh upon you.
Beogh smites you!
You die...

##....O#######......##
##.......#...#........##
#......................#
#......................#
#..........##..........#
#.........###.....÷....#
..........# #.....<)...#
##.......#####....)...##
#.........#.@O.......=##
............#o.........###
#........................#
.......................#.#
#..............).........#
....................PPP..#
.#..........#.......∩P..#
.........#......PP..#
..........##......#


You could see an ogre and an orc priest.

Vanquished Creatures
  The ghost of Xiguana the Ruffian, an amateur VSMo (D:3)
  A water moccasin skeleton (D:4)
  A centaur skeleton (D:4)
  An orc wizard (D:4)
  7 adders
  10 dart slugs
  4 giant geckos
  4 orcs (D:4)
  A ball python (D:1)
  2 giant cockroaches
  4 goblins
  4 hobgoblins (D:2)
  4 jackals (D:3)
  A quokka (D:2)
  8 bats
  6 giant newts
  3 kobolds
  3 rats
65 creatures vanquished.

Notes
Turn   | Place    | Note
--------------------------------------------------------------
     0 | D:1      | Liquid the Gargoyle Gladiator began the quest for the Orb.
     0 | D:1      | Reached XP level 1. HP: 12/12 MP: 1/1
   250 | D:1      | Reached XP level 2. HP: 18/18 MP: 2/2
   855 | D:2      | Reached XP level 3. HP: 20/22 MP: 3/3
  1084 | D:2      | Reached skill level 1 in Armour
  1281 | D:2      | Reached XP level 4. HP: 28/28 MP: 4/4
  1529 | D:3      | Noticed Xiguana's ghost (amateur VSMo)
  1553 | D:3      | Killed Xiguana's ghost
  1553 | D:3      | Reached skill level 4 in Maces & Flails
  1553 | D:3      | Reached XP level 5. HP: 10/32 MP: 5/5
  2468 | D:4      | Noticed an ogre
  2472 | D:4      | HP: 1/32 [ogre/giant spiked club (18)]
  2820 | D:4      | Reached XP level 6. HP: 38/38 MP: 6/6
  2845 | D:4      | Found Goirch's Antique Armour Shop.
  2865 | D:4      | Bought a glowing cloak for 139 gold pieces
  3045 | D:4      | Reached skill level 5 in Maces & Flails
  3102 | D:4      | Killed from afar by an orc priest

Vault maps used:
D:1:      sevenhm_arrival_forest_fort_small_3, serial_bayou_pond_e
D:3:      kennysheep_slugbush, hangedman_feature_mirror, st_stairs_12
D:4:      nicolae_overflow_crystal_walls, minitemple, serial_shops,
          nicolae_shop_overgrown_old_shop

Skill      XL: |  1  2  3  4  5  6 |
---------------+-------------------+-----
Armour         | 1 2 |  2.9
Fighting       | 3 |  3.8
Maces & Flails | 4 5 |  5.0
Dodging        | 3 |  3.2
Throwing       | |  1.7

Action                   |  1- 3 |  4- 6 || total
-------------------------+-------+-------++-------
Melee: Flail             |   105 |   179 ||   284
  Eat: Chunk             |     1 |     6 ||     7
Armor: Leather armour    |    15 |       ||    15
       Scale mail        |    54 |   122 ||   176
Dodge: Dodged            |    55 |   122 ||   177
